 Dungeon Crawl Stone Soup version 0.24.0-1-gfbc8707122 (webtiles) character file.

Game seed: 3416942587773123821, levelgen mode: deterministic

81 Mrkan the Chopper (level 4, -2/40 HPs)
             Began as a Draconian Monk on Oct 28, 2019.
             Killed by divine providence
             ... invoked by an orc priest
              (16 damage)
             ... on level 2 of the Dungeon.
             The game lasted 00:02:16 (1160 turns).

Mrkan the Chopper (Draconian Monk)                  Turns: 1160, Time: 00:02:17

Health: -2/40      AC:  5    Str: 13    XL:     4   Next: 19%
Magic:  4/4        EV: 13    Int: 11    God:
Gold:   87         SH:  0    Dex: 14    Spells: 3/3 levels left

rFire    . . .     SeeInvis .   a - +0 hand axe
rCold    . . .     Gourm    .   (no shield)
rNeg     . . .     Faith    .   (armour unavailable)
rPois    .         Spirit   .   (helmet restricted)
rElec    .         Reflect  .   g - scarf {repulsion}
rCorr    .         Harm     .   (no gloves)
MR       .....                  (no boots)
Stlth    ++........             (no amulet)
HPRegen  0.13/turn              (no ring)
MPRegen  0.09/turn              (no ring)

@: repel missiles
A: unfitting armour, cold-blooded, AC +5
a: no special abilities


You were on level 2 of the Dungeon.
You were not hungry.

You visited 1 branch of the dungeon, and saw 2 of its levels.

You collected 87 gold pieces.

Inventory:

Hand Weapons
 a - a +0 hand axe (weapon)
Missiles
 f - 46 stones (quivered)
Armour
 g - a scarf of repulsion (worn)
Jewellery
 l - a cursed ring of teleportation {unknown}
Scrolls
 d - a scroll of remove curse {unknown}
 h - a scroll of identify {unknown}
 i - a scroll of magic mapping {unknown}
Potions
 c - a potion of might {unknown}
 e - a potion of haste {unknown}
 j - a potion of curing {unknown}
 k - a potion of flight {unknown}
Comestibles
 b - a ration
 m - 2 chunks of flesh


   Skills:
 + Level 3.8 Fighting
 * Level 4.0 Axes
 + Level 3.1 Dodging
 + Level 2.4 Stealth


You had 3 spell levels left.
You didn't know any spells.
Your spell library was empty.

Dungeon Overview and Level Annotations

Branches:
Dungeon (2/15)

Altars:


Innate Abilities, Weirdness & Mutations

Your plain brown scales are hard. (AC +5)
You cannot fit into any form of body armour.
You are cold-blooded and may be slowed by cold attacks.


Message History

The orc wizard hits you with a +0 dagger.
The orc priest begins to cast a cantrip, but forgets the words!
You hit the orc.
The orc is almost dead.
You barely miss the orc wizard. The orc closely misses you.
The orc wizard hits you with a +0 dagger.
You hit the orc wizard. You tail-slap the orc wizard.
The orc wizard is almost dead.
You barely miss the orc. The orc hits you with a +0 trident.
The orc wizard barely misses you.
You hit the orc wizard.
You kill the orc wizard!
Your Axes skill increases to level 4!
You have reached level 4!
You feel agile.
You hit the orc.
You kill the orc!
The orc priest calls down the wrath of Beogh upon you.
Beogh smites you!
You die...

### ..# ### ######.# ..#
#....#.# #.#
#.##.#.#####
#.####.#........#
.....#.#..#.###.#
.###.#.#......#)########
.# #.#.)....#..$@o.o....
.# #.....#.####.########
## #####.#......#
#†######## #)# #######.#
........# #########


You could see an orc priest and an orc.

Vanquished Creatures
  An orc wizard (D:2)
  An ooze (D:2)
  3 dart slugs (D:1)
  2 leopard geckos (D:1)
  2 orcs (D:2)
  2 giant cockroaches
  A hobgoblin (D:1)
  3 jackals (D:2)
  3 bats (D:1)
  2 frilled lizards (D:1)
  6 goblins
  2 kobolds
  13 rats
41 creatures vanquished.

Notes
Turn   | Place    | Note
-------+----------+-------------------------------------------
     0 | D:1      | Mrkan the Draconian Monk began the quest for the Orb.
     0 | D:1      | Reached XP level 1. HP: 19/19 MP: 1/1
   178 | D:1      | Reached XP level 2. HP: 18/26 MP: 2/2
   792 | D:1      | Reached XP level 3. HP: 28/31 MP: 3/3
  1160 | D:2      | Reached skill level 4 in Axes
  1160 | D:2      | Reached XP level 4. HP: 14/40 MP: 4/4
  1160 | D:2      | Killed from afar by an orc priest

Levels and vault maps discovered:
D:1:      psy_arrival_radial01, layout_basic, minmay_rat_gold_closets
D:2:      minmay_razor_zed, layout_basic

Skill      XL: |  1  2  3 |
---------------+----------+-----
Stealth        | 2 |  2.4
Dodging        | 3 |  3.1
Axes           | 4 |  4.0
Fighting       | |  3.8

Action                   |  1- 3 |  4- 6 || total
-------------------------+-------+-------++-------
Melee: Hand axe          |   116 |       ||   116
       Tailslap          |    18 |       ||    18
 Stab: Sleeping          |     5 |       ||     5
  Eat: Chunk             |     1 |       ||     1
Armor: Skin              |    38 |       ||    38
Dodge: Dodged            |    76 |       ||    76
